Unix NetHack Version 5.0.0-0 post-release - last build May 10 2026 23:12:36 (d1fa5d53e341ca933230fdaa984d921c805b60aa,branch:main).

Game began 2026-05-11 05:08:44, ended 2026-05-11 05:21:54.

Ackbladder, neutral female gnomish Wizard

                                           --------------
                                           |.......*....|
    ----------                            #-)...........|            -------
    |........-############                #|..(.........|       #####-..%)!|
    |...*....|           ###              #----------+-.-       #   #|[.++.|
    |........|                            ##         # #       ####  -------
    --|-------                             #         ########### #
      #                                    #         #####       #
      #                   #               ############# ##       #
     ##              -----|-     ###########            ###     ##
     #            ###......|   ###         #             dd    ##
     #           ##  |......####-----------#             ed#   #
    -|---------  #   |.....|   #-.........-#       ------@---  #
    |.........|  #   |......####|.........|        |........-###
    |.........-###   -------    |........`|        |.....>..|
    |.........|                 |.........|        |........|
    |.........|                 -----------        |........|
    |....<....|                                    |........|
    -----------                                    ----------

Ackbladder the Conjurer   St:10 Dx:17 Co:13 In:19 Wi:8 Ch:10  Neutral
Dlvl:3  $:51 HP:0(37) Pw:32(32) AC:9  Xp:5 T:3515 

Latest messages:
 Your movements are now unencumbered.
 You drop an uncursed orcish helm.
 You sold an uncursed orcish helm for 5 gold pieces.
 You drop an uncursed orcish helm.
 You sold an uncursed orcish helm for 5 gold pieces.
 You drop an uncursed slippery cloak.
 An uncursed oilskin cloak; you sold it for 25 gold pieces.
 You drop an uncursed leather cloak.
 You sold an uncursed leather cloak for 20 gold pieces.
 You bought 2 scrolls of identify for 54 gold pieces.
 "Thank you for shopping in Asidonhopo's general store!"
 What do you want to drop? [$a-vx-zAKOPWYZ or ?*] Y
 You drop an empty bag.
 Asidonhopo offers 50 gold pieces for your bag.  Sell it? [ynaq] (n) n
 Y - an empty bag.
 What do you want to adjust? [a-vx-zAKOPWYZ or ?*] Y
 Adjust letter to what [wB-JL-NQ-VXY] (? see used letters)? s
 Swapping: s - an empty bag.
 You find a hidden door.
 The door opens.
 You hit the floating eye!
 You are frozen by the floating eye's gaze!
 The jackal bites!
 The jackal bites!
 The jackal bites!
 The jackal bites!
 The jackal bites!
 The jackal bites!
 The jackal bites!
 The jackal bites!
 The jackal bites!
 The jackal bites!
 The jackal bites!
 The jackal bites!
 The jackal bites!
 The jackal bites!
 The jackal bites!
 The jackal bites!
 The jackal bites!
 The jackal bites!
 The jackal bites!
 The jackal bites!
 The jackal bites!
 The jackal bites!
 The jackal bites!
 The jackal bites!
 The jackal bites!
 You die...
 Do you want your possessions identified? [ynq] (y) y
 Do you want to see your attributes? [ynq] (y) q

Inventory:
 Coins    ('$')
  $ - 51 gold pieces
 Weapons  (')')
  a - a blessed +1 quarterstaff (weapon in hands)
 Armor    ('[')
  q - a cursed -1 helm of opposite alignment
  b - an uncursed +0 cloak of magic resistance (being worn)
 Comestibles  ('%')
  W - an uncursed apple
  r - an uncursed tripe ration
 Scrolls  ('?')
  i - an uncursed scroll of confuse monster
  k - an uncursed scroll of enchant weapon
  j - an uncursed scroll of identify
  y - 2 uncursed scrolls of identify
  p - an uncursed scroll of remove curse
 Spellbooks  ('+')
  m - an uncursed spellbook of create monster
  l - a blessed spellbook of force bolt
  t - an uncursed spellbook of teleport away
 Potions  ('!')
  O - an uncursed potion of extra healing
  f - 2 uncursed potions of healing
  g - an uncursed potion of levitation
  P - an uncursed potion of object detection
  z - an uncursed potion of restore ability
  u - a blessed potion of see invisible
  v - an uncursed potion of sickness
  h - a potion of holy water
 Rings    ('=')
  x - an uncursed ring of cold resistance
  d - an uncursed ring of fire resistance
  e - an uncursed +4 ring of gain strength
  Y - a cursed ring of polymorph
  K - a cursed ring of see invisible
  Z - an uncursed ring of slow digestion
 Wands    ('/')
  c - a wand of locking (0:6)
 Tools    ('(')
  s - an empty uncursed bag of holding
  n - a magic marker (0:20)
  o - an uncursed tin opener
 Gems/Stones  ('*')
  A - an uncursed worthless piece of blue glass

Ackbladder the Wizard's attributes:

Background:
 You were a Conjurer, a level 5 female gnomish Wizard.
 You were neutral, on a mission for Thoth
 who was opposed by Ptah (lawful) and Anhur (chaotic).
 You were right-handed.
 You were in the Dungeons of Doom, on level 3.
 You entered the dungeon 3515 turns ago.
 It was nighttime.
 You had 178 experience points, 142 more were needed to attain level 6.

Basics:
 You had 0 out of 37 hit points.
 You had all 32 energy points (spell power).
 Your armor class was 9.
 Your wallet contained 51 zorkmids.
 Autopickup was off.

Final Characteristics:
 Your strength was 10 (limit:18/50).
 Your dexterity was 17 (limit:18).
 Your constitution was 13 (limit:18).
 Your intelligence was 19 (limit:19).
 Your wisdom was 8 (limit:18).
 Your charisma was 10 (limit:18).

Final Status:
 You weren't hungry.
 You were unencumbered.
 You were wielding a quarterstaff.
 You had basic skill with quarterstaff and could have enhanced that.

Final Attributes:
 You were piously aligned.
 You were magic-protected.
 You had infravision.
 You were warded.
 You are dead.

Miscellaneous:
 You didn't encounter any bones levels.
 Total elapsed playing time was 13 minutes and 10 seconds.

Major events:
 Turn
    1: Ackbladder the neutral female gnomish Wizard entered the dungeon
  601: entered the Gnomish Mines
  860: attained the rank of Conjurer (level 3)
 3515: killed by a jackal, while frozen by a floating eye's gaze

Spells:
 Name                 Level Category     Fail Retention
 force bolt             1   attack         0%   81%-90%
 create monster         2   clerical       0%   81%-90%
 teleport away          6   escape        98%  76%-100%

Skills:
 Fighting Skills
   bare handed combat [Unskilled]
   riding             [Unskilled]
 Weapon Skills
   dagger             [Unskilled]
   knife              [Unskilled]
   axe                [Unskilled]
   short sword        [Unskilled]
   club               [Unskilled]
   mace               [Unskilled]
   quarterstaff       [Basic]
   polearms           [Unskilled]
   spear              [Unskilled]
   trident            [Unskilled]
   sling              [Unskilled]
   dart               [Unskilled]
   shuriken           [Unskilled]
 Spellcasting Skills
   attack spells      [Basic]
   healing spells     [Unskilled]
   divination spells  [Unskilled]
   enchantment spells [Basic]
   clerical spells    [Basic]
   escape spells      [Unskilled]
   matter spells      [Unskilled]

Voluntary challenges:
 Character rerolling was not enabled.
 You never genocided any monsters.
 You never polymorphed an object.
 You never changed form.
 You used no wishes.
Achievements:
 You entered the Gnomish Mines.
 You attained the rank of Conjurer.
 You entered a shop.

 The Dungeons of Doom: levels 1 to 3
    Level 1:
       Some fountains.
    Level 2:
       An altar to Thoth, some fountains.
       Stairs down to The Gnomish Mines.
    Level 3: <- You were here.
       A general store.
       Final resting place for
          you, killed by a jackal, while frozen by a floating eye's gaze.
 The Gnomish Mines:
    Level 3:


Vanquished creatures:
  a shrieker
  a giant bat
 an iguana
  2 acid blobs
  a coyote
  a gas spore
  3 hobbits
  2 hobgoblins
  3 cave spiders
  a green mold
  a red mold
  a gnome zombie
  8 geckos
  4 jackals
  a fox
  4 goblins
  5 sewer rats
  5 grid bugs
  7 lichens
  6 newts
58 creatures vanquished.

No species were genocided or became extinct.

Game over:
                       ----------
                      /          \
                     /    REST    \
                    /      IN      \
                   /     PEACE      \
                  /                  \
                  |    Ackbladder    |
                  |      51 Au       |
                  |   killed by a    |
                  |      jackal      |
                  |                  |
                  |                  |
                  |       2026       |
                 *|     *  *  *      | *
        _________)/\\_//(\/(/\)/\//\/|_)_______

Goodbye Ackbladder the Wizard...

You died in The Dungeons of Doom on dungeon level 3 with 858 points,
and 51 pieces of gold, after 3515 moves.
You were level 5 with a maximum of 37 hit points when you died.

